 Dungeon Crawl Stone Soup version 0.31-a0-133-gaae73658be (webtiles) character file.

Game seed: 3185644899511081474

133 mopl the Magician (level 5, -6/31 HPs)
             Began as an Octopode Hedge Wizard on June 2, 2023.
             Mangled by an orc
             ... wielding a +0 flail
              (8 damage)
             ... on level 2 of the Dungeon.
             The game lasted 00:03:26 (1609 turns).

mopl the Magician (Octopode Hedge Wizard)           Turns: 1609, Time: 00:03:27

Health: -6/31      AC:  1    Str: 15    XL:     5   Next: 16%
Magic:  2/10       EV: 13    Int: 19    God:
Gold:   40         SH:  0    Dex: 11    Spells: 8/11 levels left

rFire   + . .        a - +0 dagger
rCold   . . .        (no shield)
rNeg    . . .        b - +0 hat
rPois   .            (no amulet)
rElec   .            i - +6 ring of strength
rCorr   .            h - ring of protection from fire
SInv    .            (no ring)
Will    .....        (no ring)
Stlth   +++          (no ring)
HPRegen 0.25/turn    (no ring)
MPRegen 0.12/turn    (no ring)
                     (no ring)

%: no passive effects
@: no status effects
A: almost no armour, amphibious, 8 rings, camouflage 1, gelatinous body 1,
(nimble swimmer 1), tentacles
a: no special abilities


You were on level 2 of the Dungeon.
You visited 1 branch of the dungeon, and saw 3 of its levels.

You collected 40 gold pieces.

Inventory:

Hand Weapons
 a - a +0 dagger (weapon)
Armour
 b - a +0 hat (worn)
Magical Staves
 s - a staff of poison
Jewellery
 h - a ring of protection from fire (right tentacle)
 i - a +6 ring of strength (left tentacle)
Scrolls
 e - a scroll of noise {unknown}
 f - a scroll of poison {unknown}
 k - a scroll of identify {unknown}
 l - a scroll of fear {unknown}
 m - a scroll of brand weapon {unknown}
 n - 5 scrolls of enchant armour {unknown}
 o - a scroll of amnesia {unknown}
 p - a scroll of vulnerability {unknown}
 r - 2 scrolls of immolation {unknown}
Potions
 c - a potion of magic
 d - a potion of berserk rage {unknown}
 g - 5 potions of degeneration {unknown}
 j - a potion of lignification {unknown}
 q - a potion of resistance {unknown}


   Skills:
 - Level 2.0 Dodging
 - Level 2.6 Stealth
 + Level 3.9 Spellcasting
 + Level 2.8 Conjurations
 - Level 1.0 Summonings
 + Level 2.8 Translocations


You had 8 spell levels left.
You knew the following spells:

 Your Spells              Type           Power      Damage    Failure   Level
a - Magic Dart            Conj           56%        1d5       4%          1
e - Blink                 Tloc           28%        N/A       7%          2

Your spell library contained the following spells:

 Spells                   Type           Power      Damage    Failure   Level
 Necrotise                Necr           12%        1d4       14%         1
 Slow                     Hex            12%        N/A       14%         1
 Call Imp                 Summ           14%        N/A       14%         2
 Cigotuvi's Dreadful Rot  Necr/Pois/Air  6%         N/A       22%         2
 Mephitic Cloud           Conj/Pois/Air  7%         N/A       28%         3
 Vampiric Draining        Necr           3%         2d6       38%         3
 Agony                    Necr           3%         N/A       98%         5


Dungeon Overview and Level Annotations

Branches:
Dungeon (3/15)

Altars:


Innate Abilities, Weirdness & Mutations

You cannot wear most types of armour.
You are amphibious.
You can wear up to eight rings at the same time.
Your skin changes colour to match your surroundings (Stealth+).
Your rubbery body absorbs attacks. (AC +1, EV +1)
((You are camouflaged when in or above water. (Stealth+)))
You have tentacles for arms and can constrict up to eight enemies at once.


Message History

You completely miss the ogre.
The ogre hits you with a +0 giant club!!
Ouch! That really hurt!
* * * LOW HITPOINT WARNING * * *
You completely miss the ogre.
Cast which spell? (? or * to list)
You miscast Blink.
You are very lightly contaminated with residual magic.
Nothing appears to happen.
The ogre closely misses you.
Casting: Blink (safe; 7% risk of failure)
Confirm with . or Enter, or press ? or * to list all spells.
You blink.
You feel stable enough to blink again.
Your magical contamination has completely faded away.
The ogre attacks as you move away! The ogre barely misses you.
An orc comes into view. It is wielding a +0 dagger.
The orc shouts!
An orc comes into view. It is wielding a +0 flail.
Casting: Blink (safe; 7% risk of failure)
Confirm with . or Enter, or press ? or * to list all spells.
You blink.
An orc comes into view. It is wielding a +0 dagger.
The orc shouts! x2
The orc attacks as you move away! The orc barely misses you.
The orc attacks as you move away! The orc closely misses you.
The orc attacks as you move away! The orc closely misses you.
You feel stable enough to blink again. The orc attacks as you move away!
The orc completely misses you.
You see here a worm corpse.
Things that are here:
a +0 dagger; a +0 club; a goblin corpse The orc attacks as you move away!
The orc hits you with a +0 flail!
* * * LOW HITPOINT WARNING * * *
There is a stone staircase leading up here.
The orc closely misses you.
You climb upwards.
There is a stone staircase leading down here.
You barely miss the orc. Your grab misses the orc.
The orc hits you with a +0 flail!
You die...

##.# #............ ####..#
#............ #....##
#............ #######.#########
#............ ................#
#............ #.......#######.#
##........... #.####### #.#
##.....#.... #.# #.###
#..######## #.# #.@># ##.## ..#
###o# #..# ### #.# #.## ..## #.##
#.# #..##############..# #.#
...............###.# #.##########
.######..#####..##.# #.##.......#
....####.####..###.###.##.......#
........).............).........#


You could see an orc.

Vanquished Creatures
  5 gnolls
  3 adders (D:2)
  2 worms
  A dart slug (D:2)
  An orc (D:3)
  2 ball pythons
  4 endoplasms
  2 giant cockroaches
  6 goblins
  3 hobgoblins (D:2)
  6 jackals
  3 kobolds
  A quokka (D:2)
  A bat (D:2)
  5 frilled lizards
  3 rats
48 creatures vanquished.

Notes
Turn   | Place    | Note
-------+----------+-------------------------------------------
     0 | D:1      | mopl the Octopode Hedge Wizard began the quest for the Orb.
     0 | D:1      | Reached XP level 1. HP: 11/11 MP: 4/4
    33 | D:1      | Reached XP level 2. HP: 13/17 MP: 4/6
    43 | D:1      | Learned a level 2 spell: Blink
   298 | D:1      | Reached XP level 3. HP: 21/21 MP: 3/7
   387 | D:1      | Found a faded altar of an unknown god.
   619 | D:2      | Reached skill level 2 in Conjurations
   619 | D:2      | Reached skill level 2 in Translocations
   796 | D:2      | Reached XP level 4. HP: 27/27 MP: 2/9
  1376 | D:2      | Reached XP level 5. HP: 27/31 MP: 2/10
  1562 | D:3      | Noticed an ogre
  1604 | D:3      | HP: 1/31 [orc/+0 flail (9)]
  1609 | D:2      | Mangled by an orc

Illustrated notes

Levels and vault maps discovered:
D:1:      minmay_arrival_three_doors, layout_rooms,
          dreamdust_ecumenical_altar_sealed_demon, kennysheep_decorative_pillar
D:2:      layout_rooms, feat_on_display
D:3:      layout_loops_ring, hangedman_abyss_or_decor_lesser_grid,
          minmay_randomly_rotated_circles, uniq_grinder

Skill      XL: |  1  2  3 |
---------------+----------+-----
Conjurations   | 2 |  2.8
Translocations | 2 |  2.8
Dodging        | |  2.0
Stealth        | |  2.6
Spellcasting   | |  3.9
Summonings     | |  1.0

Action                     |  1- 3 |  4- 6 || total
---------------------------+-------+-------++-------
  Melee: Dagger            |    57 |    27 ||    84
         Constrict         |    17 |     6 ||    23
         Tentacles         |    11 |     5 ||    16
         Punch             |     1 |       ||     1
   Cast: Magic Dart        |    37 |    38 ||    75
         Blink             |       |     2 ||     2
   Stab: Sleeping          |     3 |     1 ||     4
 Armour: Skin              |     6 |       ||     6
  Dodge: Dodged            |    44 |    32 ||    76

Table legend: (Time is in decaauts)
 A = Elapsed time spent in this place.
 B = Non-inter-level travel time spent in this place.
 C = Inter-level travel time spent in this place.
 D = Time resting spent in this place.
 E = Time spent auto-exploring this place.
 F = Levels seen in this place.
 G = Mean time per level.
                   A        B        C        D        E       F      G
               +--------+--------+--------+--------+--------+-----+--------+
         Total |   1611 |   1517 |     94 |    466 |    677 |   3 |  537.0 |
       Dungeon |   1611 |   1517 |     94 |    466 |    677 |   3 |  537.0 |
               +--------+--------+--------+--------+--------+-----+--------+

Top non-repeatable levels by time:
     D:2: 931 daAuts
     D:1: 600 daAuts
     D:3: 79 daAuts
